Map: Lerilak Crest

Players

SticklerMac - Winner!

  • Race: Zerg Zerg
  • League: Grandmaster

JHBx

  • Race: Terran Terran
  • League: Grandmaster

VOD

Have the link to the VOD?

Description

Time

  • Played on: Aug. 4, 2015, 10:13 p.m.
  • Length: 8:33
Show
View Real Time Build Order
Export as new Build Order

SticklerMac Zerg - Winner!

Build Orders: Hatch First 

Get SALT Encoding   

  12  0:01  Drone  
  13  0:08  Drone  
  14  0:16  Overlord  
  14  0:35  Drone x3  
  17  0:50  Drone  
  18  0:58  Hatchery  
  18  1:01  Drone  
  18  1:07  Drone  
  19  1:16  Spawning Pool  
  18  1:18  Drone  
  19  1:29  Drone  
  20  1:35  Extractor  
  19  1:40  Overlord  
  19  1:51  Drone  
  20  2:03  Queen  
  20  2:04  Drone  
  23  2:10  Queen  
  23  2:13  Drone x2  
  27  2:22  Drone  
  28  2:24  Drone  
  29  2:33  Drone  
  29  2:35  Overlord  
  30  2:50  Overlord x2  
  30  2:56  Spine Crawler  
  30  2:57  Drone x2, Spine Crawler  
  30  2:59  Metabolic Boost  
  31  3:05  Zergling x2  
  31  3:06  Baneling Nest  
  31  3:07  Zergling x2  
  31  3:14  Zergling x4  
  33  3:21  Zergling x4  
  33  3:22  Zergling x2  
  36  3:33  Lair  
  36  3:34  Drone x2  
  36  3:35  Drone  
  36  3:37  Drone  
  36  3:39  Drone  
  41  3:54  Drone x3  
  44  4:00  Zergling x2  
  44  4:01  Zergling x10  
  44  4:02  Zergling x2  
  51  4:09  Overlord x2  
  51  4:15  Drone  
  52  4:17  Overlord  
  52  4:24  Overlord x2  
  52  4:27  Queen, Baneling  
  52  4:28  Baneling  
  54  4:36  Overseer  
  54  4:40  Drone x2  
  54  4:41  Drone x5  
  54  4:42  Drone  
  54  4:43  Extractor  
  54  4:45  Drone  
  62  4:52  Baneling x2  
  62  4:53  Baneling  
  62  4:54  Baneling  
  62  5:18  Overlord x3  
  62  5:20  Zergling x16  
  70  5:25  Extractor  
  69  5:33  Drone x2  
  69  5:35  Extractor  
  70  5:37  Drone x2  
  72  6:06  Zergling x12  
  72  6:07  Zergling x2  
  79  6:15  Zergling x2  
  79  6:16  Zergling x16  
  88  6:23  Spire  
  88  6:24  Zergling x2  
  88  6:31  Overseer  
  88  6:37  Zergling x6  
  91  6:43  Centrifical Hooks  
  91  6:44  Hatchery  
  89  6:47  Drone x2  
  89  6:48  Evolution Chamber x2  
  88  6:56  Zergling x8  
  88  6:57  Zergling x6  
  95  7:04  Queen  
  92  7:28  Baneling x6  
  92  7:29  Baneling x5  
  92  7:30  Baneling x6  
  91  7:40  Zergling x2  
  91  7:41  Zergling x16  
  100  7:54  Baneling  
  100  7:55  Baneling x16  
  100  7:56  Baneling x12  
  100  7:57  Zergling x12  
Show
View Real Time Build Order
Export as new Build Order

JHBx Terran 

Build Orders:  

Get SALT Encoding   

  12  0:11  Supply Depot  
  12  0:15  SCV  
  13  0:27  SCV  
  14  0:36  Barracks  
  14  0:42  SCV  
  15  0:54  SCV  
  16  0:59  Refinery  
  16  1:06  SCV  
  17  1:21  Supply Depot  
  17  1:23  Marine  
  19  1:32  SCV  
  19  1:41  Marine  
  19  1:44  SCV  
  21  1:51  Engineering Bay  
  21  1:57  SCV  
  21  1:59  Marine  
  23  2:09  Factory  
  23  2:15  Orbital Command  
  23  2:17  Marine  
  24  2:25  Supply Depot  
  24  2:34  Marine  
  25  2:43  Terran Infantry Weapons Level 1  
  25  2:52  Marine  
  25  2:54  Supply Depot  
  26  3:19  Barracks Tech Lab  
  26  3:39  Marauder  
  28  3:45  Supply Depot  
  28  3:48  Factory Tech Lab  
  28  3:55  Refinery  
  28  4:01  Marauder  
  27  4:21  Missile Turret  
  27  4:22  Marauder  
  29  4:44  Marauder  
  31  4:49  Missile Turret  
  31  5:05  Marauder  
  33  5:15  Missile Turret  
  33  5:20  Siege Tank  
  36  5:26  Marauder  
  38  5:42  Barracks  
  38  5:48  Marauder  
  40  6:07  Terran Infantry Armor Level 1  
  40  6:09  Marauder  
  42  6:30  Marauder  
  42  6:31  Widow Mine  
  46  6:36  Barracks Tech Lab  
  46  6:42  Starport  
  36  6:59  Widow Mine  
  38  7:09  Liberator  
  38  7:28  Widow Mine  
Tags
 
Add a new tag
Caveats
  • Supply blocks, unpowered buildings, or Contaminate may cause inaccurate times.
  • Supply counts are checked every 10 seconds.